 Dungeon Crawl Stone Soup version 0.29-a0-529-gfa20dd96a1 (webtiles) character file.

Game seed: 12658628242916205785

271 thriggle the Chiller (level 6, -4/44 HPs)
             Began as a Barachi Ice Elementalist on June 1, 2022.
             Was a Priest of Lugonu.
             Killed from afar by an orc wizard (10 damage)
             ... with a puff of flame
             ... on level 4 of the Dungeon.
             The game lasted 00:15:54 (5002 turns).

thriggle the Chiller (Barachi Ice Elementalist)     Turns: 5002, Time: 00:15:55

Health: -4/44      AC:  2    Str: 11    XL:     6   Next: 23%
Magic:  10/10      EV: 13    Int: 21    God:    Lugonu [***...]
Gold:   26         SH:  0    Dex: 15    Spells: 3/11 levels left

rFire   . . .      SeeInvis .   l - +0 dagger
rCold   . . .      Faith    .   (no shield)
rNeg    . . .      Spirit   .   a - +0 robe
rPois   .          Reflect  .   (no helmet)
rElec   .          Harm     .   (no cloak)
rCorr   .          Rampage  .   (no gloves)
Will    .....      Rage     1%  (no boots)
Stlth   +++.......              (no amulet)
HPRegen 0.14/turn               j - +6 ring of intelligence
MPRegen 0.12/turn               (no ring)

@: unable to hop, slow
A: amphibious, slowness 1, strong legs 1, +LOS, thin skeletal structure 1,
berserk 1, wild magic 1
a: Hop, Renounce Religion, Depart the Abyss, Bend Space, Banish


You were on level 4 of the Dungeon.
You worshipped Lugonu.
Lugonu was most pleased with you.
You visited 1 branch of the dungeon, and saw 4 of its levels.

You collected 168 gold pieces.
You spent 142 gold pieces at shops.

Inventory:

Hand Weapons
 l - a +0 dagger (weapon)
Missiles
 c - 202 stones (quivered)
 m - 6 javelins
 s - 4 atropa-tipped darts
Armour
 a - a +0 robe (worn)
 k - a +0 buckler
 w - the +2 robe of Voposh {-Tele rElec rF+++ Slay-3}
   (You bought it in a shop on level 1 of the Dungeon)

   Slay:      It affects your accuracy & damage with ranged weapons and melee
   (-3).
   rF:        It renders you almost immune to fire.
   rElec:     It insulates you from electricity.
   -Tele:     It prevents most forms of teleportation.
Magical Staves
 p - a staff of conjuration
 x - a staff of air
Jewellery
 j - a +6 ring of intelligence (left hand)
Scrolls
 d - 3 scrolls of identify {unknown}
 e - a scroll of amnesia {unknown}
 f - a scroll of vulnerability {unknown}
 g - 2 scrolls of magic mapping {unknown}
 h - a scroll of enchant armour {unknown}
 i - a scroll of blinking {unknown}
 r - a scroll of fog {unknown}
 t - a scroll of teleportation {unknown}
 u - a scroll of immolation {unknown}


   Skills:
 + Level 1.9 Fighting
 + Level 1.5 Long Blades
 + Level 1.6 Throwing
 + Level 1.8 Armour
 + Level 3.0 Dodging
 + Level 2.5 Stealth
 + Level 1.4 Shields
 + Level 3.0 Spellcasting
 + Level 1.5 Conjurations
 - Level 0.1 Necromancy
 + Level 5.4 Ice Magic


You had 3 spell levels left.
You knew the following spells:

 Your Spells              Type           Power      Damage    Failure   Level
a - Freeze                Ice            100%       1d11      2%          1
b - Necrotize             Necr           16%        1d4       19%         1
c - Frozen Ramparts       Ice            66%        1d8       7%          3
d - Ozocubu's Armour      Ice            33%        N/A       7%          3

Your spell library contained the following spells:

 Spells                   Type           Power      Damage    Failure   Level
 Apportation              Tloc           8%         N/A       19%         1
 Summon Small Mammal      Summ           16%        N/A       19%         1
 Blink                    Tloc           8%         N/A       28%         2
 Lesser Beckoning         Tloc           4%         N/A       45%         3
 Vampiric Draining        Necr           4%         2d6       45%         3
 Hailstorm                Conj/Ice       23%        3d7       41%         4
 Agony                    Necr           4%         N/A       99%         5
 Manifold Assault         Tloc           4%         N/A       99%         5


Dungeon Overview and Level Annotations

Branches:
Dungeon (4/15)
 Temple: D:4-7

Altars:
Okawaru
Lugonu

Shops:
D:1 *   D:2 =


Innate Abilities, Weirdness & Mutations

You are amphibious.
You cover ground slowly.
You can hop short distances.
You have an extended range of vision and can be seen from far away.
You have a somewhat thin skeletal structure. (Dex +2, Stealth+)
You tend to lose your temper in combat.
Your spells are a little harder to cast, but a little more powerful.


Message History

You hit the orc priest but do no damage.
The orc priest is moderately wounded.
An orc wizard comes into view. It is wielding a +0 dagger.
The orc priest hits you with a +0 club.
You closely miss the orc priest.
You punch the orc priest, but do no damage.
The orc priest is moderately wounded.
The orc priest calls down the wrath of Beogh upon you.
Beogh smites you!
You barely miss the orc priest.
The orc priest is moderately wounded.
The orc priest hits you but does no damage.
You closely miss the orc priest.
The orc priest is moderately wounded.
The orc priest misses you.
You hit the orc priest but do no damage.
The orc priest is moderately wounded.
You closely miss the orc priest.
The orc priest is moderately wounded.
The orc wizard points at you and mumbles some strange words.
The puff of flame misses you. The orc priest closely misses you.
You barely miss the orc priest.
The orc priest is moderately wounded.
The orc priest invokes the aid of Beogh against you.
Beogh smites you!
* * * LOW HITPOINT WARNING * * *
Magic courses through your body.
The orc priest hits you but does no damage.
The orc wizard misses you.
An orc opens the door.
Casting: Ozocubu's Armour (dangerous; 7% risk of failure)
Confirm with . or Enter, or press ? or * to list all spells.
Okay, then.
Hop to where?
Press: ? - help, Dir - move target, p - orc priest Your icy armour will break if you move.
Continue?
Your icy armour cracks and falls away as you move.
Boing!
The orc wizard casts a spell at you. The puff of flame hits you!
You die...

#......##.....##
####......#.......#
##..##.....#.......#
#..........'.......#
+...###+#####.....##
#...## ##.....##
##...# #.......#
##...+ #.......#
....## #####@###
....# ##....<.#
##..# #.....).#####
### #####
#.....)##..S##..# #
#...o☼..#.......# #
##...o..o....... #
#......#..... #
#....(##...## #
#...)(##...##..#


You could see an orc priest, an orc wizard and an orc (wandering).

Vanquished Creatures
  A bullfrog zombie (D:4)
  An orc wizard (D:4)
  2 hound zombies (D:4)
  2 howler monkey zombies (D:4)
  5 adders
  3 gnolls
  2 dart slugs
  An orc (D:4)
  8 endoplasms
  5 goblins
  8 hobgoblins
  4 jackals
  2 quokkas
  6 ball pythons
  6 bats
  5 frilled lizards
  4 kobolds
  6 rats
71 creatures vanquished.

Vanquished Creatures (collateral kills)
  A gnoll (D:2)
  A ball python (D:2)
  An endoplasm (D:2)
  3 rats
6 creatures vanquished.

Grand Total: 77 creatures vanquished

Notes
Turn   | Place    | Note
-------+----------+-------------------------------------------
     0 | D:1      | thriggle the Barachi Ice Elementalist began the quest for
                  | the Orb.
     0 | D:1      | Reached XP level 1. HP: 13/13 MP: 3/3
    84 | D:1      | Learned a level 1 spell: Necrotize
   272 | D:1      | Found a faded altar of an unknown god.
   329 | D:1      | Reached XP level 2. HP: 9/20 MP: 0/5
   332 | D:1      | Prayed at the altar of an unknown god.
   332 | D:1      | Became a worshipper of Lugonu the Unformed
   332 | D:1      | Reached * piety under Lugonu
   332 | D:1      | Reached ** piety under Lugonu
   889 | D:1      | Reached skill level 5 in Ice Magic
  1081 | D:1      | Reached XP level 3. HP: 12/25 MP: 4/6
  1251 | D:1      | Reached skill level 1 in Fighting
  1277 | D:1      | Reached skill level 1 in Armour
  1540 | D:1      | Found Motao's Assorted Antiques.
  1730 | D:1      | Learned a level 3 spell: Frozen Ramparts
  2022 | D:2      | Found an iron altar of Okawaru.
  2024 | D:2      | Found Wadoan's Jewellery Shop.
  2124 | D:2      | Reached XP level 4. HP: 21/32 MP: 2/7
  2127 | D:2      | Reached skill level 1 in Throwing
  3068 | D:3      | Reached *** piety under Lugonu
  3086 | D:3      | Reached skill level 1 in Conjurations
  3086 | D:3      | Reached XP level 5. HP: 33/37 MP: 5/8
  3090 | D:3      | Learned a level 3 spell: Ozocubu's Armour
  3100 | D:3      | Reached skill level 1 in Long Blades
  3385 | D:3      | Reached skill level 1 in Shields
  4288 | D:1      | Bought an ichor-stained robe for 142 gold pieces
  4288 | D:1      | Identified the +2 robe of Voposh {-Tele rElec rF+++ Slay-3}
                  | (You bought it in a shop on level 1 of the Dungeon)
  4914 | D:4      | Gained mutation: You have a somewhat thin skeletal
                  | structure. (Dex +2, Stealth+) [potion of mutation]
  4914 | D:4      | Gained mutation: Your spells are a little harder to cast,
                  | but a little more powerful. [potion of mutation]
  4914 | D:4      | Gained mutation: You tend to lose your temper in combat.
                  | [potion of mutation]
  4941 | D:4      | Reached XP level 6. HP: 44/44 MP: 3/10
  5002 | D:4      | Killed from afar by an orc wizard

Illustrated notes

Levels and vault maps discovered:
D:1:      dpeg_arrival_rhombi, layout_basic, serial_shops,
          nicolae_shop_hallway_plus, chequers_ecumenical_altar_simple_redux
D:2:      layout_basic, serial_shops, shop_statue, basic_altar
D:3:      minmay_evil_eye, layout_basic
D:4:      layout_gridville, serial_undead, serial_undead_c, serial_undead_f,
          serial_undead_d, serial_undead_a, lightli_minifort

Skill      XL: |  1  2  3  4  5  6 |
---------------+-------------------+-----
Stealth        | 2 |  2.5
Ice Magic      | 5 |  5.4
Fighting       | 1 |  1.9
Armour         | 1 |  1.8
Throwing       | 1 |  1.6
Conjurations   | 1 |  1.5
Long Blades    | 1 |  1.5
Shields        | 1 |  1.4
Dodging        | 3 |  3.0
Spellcasting   | 3 |  3.0
Necromancy     | |  0.1

Action                   |  1- 3 |  4- 6 || total
-------------------------+-------+-------++-------
Melee: Unarmed           |    16 |       ||    16
       Dagger            |    29 |   172 ||   201
       Punch             |       |     4 ||     4
Throw: Dart              |       |     4 ||     4
       Stone             |       |     1 ||     1
 Cast: Freeze            |    24 |    14 ||    38
       Necrotize         |     8 |    11 ||    19
       Frozen Ramparts   |     1 |     8 ||     9
       Ozocubu's Armour  |       |     4 ||     4
 Abil: Hop               |       |     1 ||     1
  Use: Potion            |       |     5 ||     5
 Stab: Sleeping          |     5 |     6 ||    11
Armor: Robe              |     9 |    80 ||    89
       Skin              |       |    36 ||    36
Dodge: Dodged            |    43 |   144 ||   187

Table legend: (Time is in decaauts)
 A = Elapsed time spent in this place.
 B = Non-inter-level travel time spent in this place.
 C = Inter-level travel time spent in this place.
 D = Time resting spent in this place.
 E = Time spent auto-exploring this place.
 F = Levels seen in this place.
 G = Mean time per level.
                   A        B        C        D        E       F      G
               +--------+--------+--------+--------+--------+-----+--------+
         Total |   5506 |   5309 |    197 |    766 |   3337 |   4 | 1376.5 |
       Dungeon |   5506 |   5309 |    197 |    766 |   3337 |   4 | 1376.5 |
               +--------+--------+--------+--------+--------+-----+--------+

Top non-repeatable levels by time:
     D:1: 2259 daAuts
     D:3: 1439 daAuts
     D:2: 1177 daAuts
     D:4: 630 daAuts
